 Dungeon Crawl Stone Soup version bcrawl-1.13-1-g4ae1fcee6e (webtiles) character file.

Game seed: 4290119171637860872

273 Camlann the Skirmisher (level 6, 56/56 HPs)
             Began as a Demonspawn Archaeologist on July 29, 2019.
             Quit the game on level 4 of the Dungeon.
             The game lasted 00:04:31 (2809 turns).

Camlann the Skirmisher (Demonspawn Archaeologist)   Turns: 2809, Time: 00:04:32

Health: 56/56      AC:  8    Str: 15    XL:     6   Next: 2%
Magic:  6/6        EV: 13    Int: 16    God:
Gold:   187        SH:  0    Dex: 13    Spells: 5/5 levels left

rFire    . . .     SeeInvis .   o - +4 club
rCold    . . .     Gourm    .   (no shield)
rNeg     + . .     Faith    .   b - +1 robe
rPois    .         Spirit   +   f - +2 hat of the Bear Spirit {Spirit, +Rage rN+ MR++}
rElec    .         Reflect  .   (no cloak)
rCorr    .         Harm     .   d - +0 pair of gloves
MR       ++...                  (no boots)
Stlth    ++........             l - amulet of the acrobat
HPRegen  0.18/turn              i - ring of flight
MPRegen  0.10/turn              (no ring)

@: no status effects
A: hooves 2, molten scales 1, agile 1, deterioration 1, powered by pain 1,
strong 1, magic shield
a: Evoke Berserk Rage, Evoke Flight


You were on level 4 of the Dungeon.
You were not hungry.

You visited 1 branch of the dungeon, and saw 4 of its levels.

You collected 187 gold pieces.


Innate Abilities, Weirdness & Mutations

You have hoof-like feet.
You are partially covered in molten scales. (AC +2)
You sometimes gain a little power by taking damage.
When hurt, damage is shared between your health and your magic reserves.
You are agile. (Dex +2)
Your body sometimes deteriorates upon taking damage.
Your muscles are strong. (Str +2)


   Skills:
 - Level 7.8 Fighting
 + Level 1.3 Maces & Flails
 - Level 2.6 Dodging
 - Level 3.0 Stealth


You had 5 spell levels left.
You didn't know any spells.
Your spell library was empty.

Dungeon Overview and Level Annotations

Branches:
Dungeon (4/12)
 Temple: D:4-7

Altars:
Hepliaklqana

Inventory:

Hand Weapons
 o - a +4 club (weapon)
   (You took it off Jessica on level 3 of the Dungeon)
Armour
 b - a +1 robe (worn)
 d - a +0 pair of gloves (worn)
   (You found it on level 3 of the Dungeon)
 f - the +2 hat of the Bear Spirit (worn) {Spirit, +Rage rN+ MR++}

   It protects you from negative energy.
   It affects your resistance to hostile enchantments.
   It lets you go berserk.
Jewellery
 i - a ring of flight (left hand)
   (You found it on level 1 of the Dungeon)
 l - an amulet of the acrobat (around neck)
   (You found it on level 3 of the Dungeon)
Scrolls
 c - a scroll of identify
 p - a scroll of magic mapping
Potions
 a - 2 potions of magic {unknown}
 h - 2 potions of heal wounds
 j - a potion of curing
 k - a potion of berserk rage
 m - 3 potions of agility
 r - a potion of lignification {!q}
Comestibles
 g - 5 rations {!d}

#....#.#.................####.#
#....#.....##............# #.#
##.............##.........# #.#
......................##### #.#
..(...................# #.#
>.....#.....#.........# #.##
...#####..............# #...
...........^.......#### ####
####............6..#
#...<.###....%..# #.....#
#(......... #######
#..........# #.$........#
#........!.# #...>......#
...(.<...###


There were no monsters in sight!


Message History

You feel sick.
You are no longer poisoned.
You finish taking off your +1 hat.
You finish putting on the +2 hat of the Bear Spirit {Spirit, +Rage rN+ MR++}.
You feel your power drawn to a protective spirit.
Drop what? 15/52 slots (_ for help) (? for menu, Esc to quit)
You drop a +1 hat.
You butcher the worker ant corpse.
c - 3 chunks of flesh {@w1} You see here a +1 hat.
You now have 177 gold pieces (gained 34).
Things that are here:
a cursed +0 shortbow; 147 arrows; a centaur corpse You butcher the centaur corpse.
c - 9 chunks of flesh {@w1} (gained 6)
Things that are here:
a cursed +0 shortbow; 147 arrows; a centaur skeleton There isn't anything to butcher here.
You start resting.
Eating one of 9 chunks of flesh {@w1}.
You eat one of the 9 chunks of flesh {@w1}.
This raw flesh tastes terrible.
Magic restored.
You start resting.
HP restored.
Found 133 stones.
All of the chunks of flesh in your inventory have rotted away.
Done exploring.
Done exploring.
Done exploring.
(D) Dungeon
Where to? (Enter - D:3, ? - help)
There is a stone staircase leading down here.
You climb downwards.
Found an escape hatch in the floor.
There is a stone staircase leading up here.
Found 102 stones.
Found 10 gold pieces.
You now have 187 gold pieces (gained 10).
Found a scroll of identify.
c - a scroll of identify You open the door.
There is an open door here.
There is an open door here.
Found 2 throwing nets.
A worker ant comes into view.
Found 18 gold pieces.
A worker ant is nearby!
Found a sedimented purple potion.
Found a stone staircase leading down.
The worker ant completely misses you.
Found 141 bolts.
Found a stone staircase leading up.
You sock the worker ant!
You kick the worker ant, but do no damage.
The worker ant is heavily wounded.
The worker ant bites you but does no damage.
The worker ant barely misses you.
You hit the worker ant.
The worker ant is severely wounded.
The worker ant misses you.
You hit the worker ant.
You kill the worker ant!
Your Maces & Flails skill increases to level 1!
You have reached level 6!
Your experience leads to an increase in your attributes!
Your base attributes are Str 12, Int 16, Dex 11.
Increase (S)trength, (I)ntelligence, or (D)exterity?
You feel stronger.
Your demonic ancestry asserts itself...
You feel your magical essence form a protective shroud around your flesh.
Are you sure you want to abandon this character and quit the game? (Confirm with "yes".)

Action                   |  1- 3 |  4- 6 || total
-------------------------+-------+-------++-------
Melee: Whip              |   210 |     8 ||   218
       Kick              |    20 |    11 ||    31
       Club              |       |    39 ||    39
  Use: Potion            |     1 |     2 ||     3
       Scroll            |     4 |     9 ||    13
 Stab: Sleeping          |     5 |       ||     5
  Eat: Chunk             |     3 |     3 ||     6
Armor: Robe              |    99 |    11 ||   110
Dodge: Dodged            |   176 |    36 ||   212

Levels and vault maps discovered:
D:1:      onia_arrival_zoo_common, layout_loops_ring
D:2:      layout_basic, first_ration
D:3:      layout_loops_cross, old_standard_altar, uniq_jessica
D:4:      layout_basic, kennysheep_generic_room_7, uniq_blork_the_orc

Notes
Turn   | Place    | Note
-------+----------+-------------------------------------------
     0 | D:1      | Camlann the Demonspawn Archaeologist began the quest for
                  | the Orb.
     0 | D:1      | Reached XP level 1. HP: 15/15 MP: 1/1
     6 | D:1      | Noticed a black bear
     6 | D:1      | Noticed a wolf
     6 | D:1      | Noticed an anaconda
     6 | D:1      | Noticed a wyvern
   227 | D:1      | Reached skill level 2 in Fighting
   230 | D:1      | Gained mutation: You sometimes gain a little power by
                  | taking damage. [demonic ancestry]
   230 | D:1      | Reached XP level 2. HP: 19/22 MP: 2/2
   664 | D:1      | Reached skill level 3 in Fighting
   680 | D:1      | Gained mutation: You have large cloven feet. [demonic
                  | ancestry]
   680 | D:1      | Reached XP level 3. HP: 28/29 MP: 3/3
  1250 | D:2      | Reached skill level 4 in Fighting
  1835 | D:3      | Reached skill level 5 in Fighting
  1835 | D:3      | Reached XP level 4. HP: 34/39 MP: 4/4
  2052 | D:3      | Found a hazy altar of Hepliaklqana.
  2099 | D:3      | Gained mutation: You have an increased reservoir of magic.
                  | (+10% MP) [potion of mutation]
  2099 | D:3      | Gained mutation: You are agile. (Dex +2) [potion of
                  | mutation]
  2099 | D:3      | Gained mutation: You are resistant to electric shocks.
                  | (rElec) [potion of mutation]
  2100 | D:3      | Lost mutation: You have an increased reservoir of magic.
                  | (+10% MP) [potion of mutation]
  2100 | D:3      | Lost mutation: You are agile. (Dex +2) [potion of mutation]
  2100 | D:3      | Lost mutation: You are resistant to electric shocks.
                  | (rElec) [potion of mutation]
  2100 | D:3      | Gained mutation: Your muscles are strong. (Str +2) [potion
                  | of mutation]
  2100 | D:3      | Gained mutation: You have hoof-like feet. [potion of
                  | mutation]
  2100 | D:3      | Gained mutation: Your body sometimes deteriorates upon
                  | taking damage. [potion of mutation]
  2100 | D:3      | Gained mutation: You are agile. (Dex +2) [potion of
                  | mutation]
  2112 | D:3      | Noticed Jessica
  2124 | D:3      | Killed Jessica
  2168 | D:3      | Noticed a centaur
  2172 | D:3      | Reached skill level 6 in Fighting
  2379 | D:3      | Gained mutation: You are partially covered in molten
                  | scales. (AC +2) [demonic ancestry]
  2379 | D:3      | Reached XP level 5. HP: 41/46 MP: 5/5
  2470 | D:3      | Killed a centaur
  2470 | D:3      | Reached skill level 7 in Fighting
  2808 | D:4      | Reached skill level 1 in Maces & Flails
  2808 | D:4      | Gained mutation: When hurt, damage is shared between your
                  | health and your magic reserves. [demonic ancestry]
  2808 | D:4      | Reached XP level 6. HP: 56/56 MP: 6/6
  2809 | D:4      | Quit the game

Vanquished Creatures
  A centaur (D:3)
  Jessica (D:3)
  An orc wizard (D:3)
  2 worker ants
  A hound skeleton (D:3)
  An adder (D:3)
  2 dart slugs
  4 leopard geckos
  5 orcs (D:3)
  9 bats
  3 giant cockroaches
  6 goblins
  8 hobgoblins
  3 jackals (D:1)
  3 kobolds
  3 frilled lizards
  8 rats
61 creatures vanquished.
